 Dungeon Crawl Stone Soup version 0.21-a0-81-gc5150db (webtiles) character file.

434 HAL9000 the Cutter (level 7, 0/34 HPs)
             Began as a Vine Stalker Assassin on June 23, 2017.
             Slain by Duvessa
             ... wielding a +0 short sword
              (8 damage)
             ... on level 4 of the Dungeon.
             The game lasted 00:07:41 (2993 turns).

HAL9000 the Cutter (Vine Stalker Assassin)          Turns: 2993, Time: 00:07:42

Health: 0/34       AC:  6    Str: 21    XL:     7   Next: 0%
Magic:  0/8        EV: 11    Int: 11    God:
Gold:   186        SH:  5    Dex: 15    Spells: 6/6 levels left

rFire    . . .     SeeInvis .   y - +0 rapier
rCold    . . .     Gourm    .   l - +0 buckler
rNeg     . . .     Faith    .   n - +0 leather armour
rPois    .         Spirit   +   q - +0 helmet
rElec    .         Reflect  .   d - +0 cloak
rCorr    .         Harm     .   (no gloves)
MR       .....                  m - +0 pair of boots
Stlth    +++.......             (no amulet)
HPRegen  0.51/turn              C - +5 ring of strength
MPRegen  0.11/turn              (no ring)

@: no status effects
A: fangs 2, regeneration 1, magic shield, antimagic bite, no potion heal 3, rot
immunity
a: no special abilities


You were on level 4 of the Dungeon.
You were not hungry.

You visited 1 branch of the dungeon, and saw 4 of its levels.

You collected 186 gold pieces.

Inventory:

Hand Weapons
 a - a +2 dagger
 b - a +0 blowgun
 y - a +0 rapier (weapon)
Missiles
 e - 5 poisoned needles
 t - a throwing net (quivered)
Armour
 d - a +0 cloak (worn)
 l - a +0 buckler (worn)
 m - a +0 pair of boots (worn)
 n - a +0 leather armour (worn)
 q - a +0 helmet (worn)
Jewellery
 C - a +5 ring of strength (left hand)
Scrolls
 s - 5 scrolls of identify {unknown}
 v - a scroll of immolation
 w - a scroll of random uselessness {unknown}
 A - 2 scrolls of remove curse
 D - a scroll of teleportation {unknown}
 E - a scroll of recharging {unknown}
Potions
 i - 2 potions of might
 k - 4 potions of curing
 z - a potion of flight {unknown}
Comestibles
 g - 2 bread rations
 h - 3 royal jellies
 B - 4 meat rations


   Skills:
 - Level 1.7 Fighting
 + Level 5.1 Short Blades
 - Level 1.7 Throwing
 - Level 0.7 Dodging
 - Level 4.8 Stealth
 + Level 3.8 Shields


You had 6 spell levels left.
You didn't know any spells.

Dungeon Overview and Level Annotations

Branches:
Dungeon (4/15)
 Temple: D:4-7

Altars:
Cheibriados
Hepliaklqana
The Shining One

Annotations:
D:4 Duvessa


Innate Abilities, Weirdness & Mutations

You have extremely sharp teeth.
Your natural rate of healing is unusually fast.
When hurt, damage is shared between your health and your magic reserves.
Your bite disrupts and absorbs the magic of your enemies.
Potions cannot restore your health.
You are immune to rotting.


Message History

You hear a distant scream of rage.
You have reached level 7!
e - 5 poisoned needles (gained 2)
Things that are here:
a dagger; a robe Duvessa, Sister of Dowan comes into view.
She is wielding a short sword.
Duvessa goes berserk!
You barely miss Duvessa. Your bite misses Duvessa. Duvessa misses you.
Duvessa hits you with a short sword!
Duvessa rages.
Duvessa hits you with a short sword!
As you read the scroll labeled ZESAIWOCW, it crumbles to dust.
The creatures around you are filled with an inner flame!
It was a scroll of immolation.
Duvessa barely misses you. Duvessa hits you with a short sword!
* * * LOW HITPOINT WARNING * * *
Things that are here:
a dagger; a robe Duvessa hits you with a short sword!
You die...

. ##.........## ....
##).##......## ....
#########..###........
..... ##.........##
########.
......###..#########
######. #....#...##
#...... #....##### ###
..#####
#........#####....###
###..
#...(.....e@...._.##.
##[..#
#.........#####....##.
#..### #.####...=....
...###.##.## # ...
##.###....
..........### ... #.#
####.####.......a# ..
#.. ...........#.. ###
#####...##.###
.......##..##
..##.##...#...


You could see Duvessa (berserk).

Vanquished Creatures
  An ogre (D:4)
  Dowan (D:4)
  An iguana (D:4)
  Natasha (D:2)
  A worker ant (D:4)
  Terence (D:3)
  Robin (D:1)
  8 adders
  A worm (D:2)
  2 dart slugs (D:2)
  5 leopard geckos
  2 orcs (D:3)
  5 bats
  2 giant cockroaches
  22 goblins
  13 hobgoblins
  7 jackals
  A quokka (D:3)
  A ball python skeleton (D:4)
  3 frilled lizards
  10 kobolds
  24 rats
113 creatures vanquished.

Notes
Turn   | Place    | Note
-------+----------+-------------------------------------------
     0 | D:1      | HAL9000 the Vine Stalker Assassin began the quest for the Orb.
     0 | D:1      | Reached XP level 1. HP: 11/11 MP: 2/2
   110 | D:1      | Reached skill level 2 in Short Blades
   231 | D:1      | Reached XP level 2. HP: 12/15 MP: 1/3
   436 | D:1      | Reached skill level 3 in Short Blades
   446 | D:1      | Reached XP level 3. HP: 11/18 MP: 4/4
   860 | D:2      | Noticed Natasha
   862 | D:2      | Killed Natasha
   862 | D:2      | Reached skill level 1 in Shields
   954 | D:2      | Found a glowing golden altar of the Shining One.
   955 | D:2      | Found a hazy altar of Hepliaklqana.
   960 | D:2      | Gained mutation: Your natural rate of healing is unusually fast. [Vine Stalker growth]
   960 | D:2      | Reached XP level 4. HP: 23/23 MP: 5/5
  1039 | D:2      | Noticed Robin
  1376 | D:1      | Killed Robin
  1901 | D:3      | Reached XP level 5. HP: 26/26 MP: 6/6
  1936 | D:3      | Reached skill level 4 in Short Blades
  2465 | D:3      | Noticed Terence
  2499 | D:3      | Killed Terence
  2499 | D:3      | Reached XP level 6. HP: 17/30 MP: 4/7
  2885 | D:4      | Reached skill level 5 in Short Blades
  2928 | D:4      | Noticed Dowan
  2959 | D:4      | Found a snail-covered altar of Cheibriados.
  2978 | D:4      | Killed Dowan
  2978 | D:4      | Reached XP level 7. HP: 34/34 MP: 8/8
  2983 | D:4      | Noticed Duvessa
  2993 | D:4      | Slain by Duvessa

Vault maps used:
D:1:      dpeg_arrival_erosion
D:2:      chequers_temple_overflow_statue_of_worship, uniq_robin, uniq_natasha
D:3:      cheibrodos_greedy_goblins, minmay_rat_hole, uniq_terence
D:4:      overflow_temple_1_default, lemuel_round_altar, old_standard_altar,
          minmay_temple_entry_hall, cheibriados_altar_1, uniq_duvessa

Skill      XL: |  1  2  3  4  5  6 |
---------------+-------------------+-----
Short Blades   | 2 3 4 5 |  5.1
Shields        | 1 2 3 |  3.8
Fighting       | |  1.7
Throwing       | |  1.7
Dodging        | |  0.7
Stealth        | |  4.8

Action                   |  1- 3 |  4- 6 |  7- 9 || total
-------------------------+-------+-------+-------++-------
Melee: Dagger            |    63 |    79 |       ||   142
       Bite              |    12 |    69 |       ||    81
       Rapier            |       |   169 |     1 ||   170
 Fire: Blowgun           |       |     8 |       ||     8
  Use: Scroll            |       |     2 |     1 ||     3
 Stab: Sleeping          |     6 |     7 |       ||    13
       Distracted        |       |     2 |       ||     2
  Eat: Chunk             |       |     7 |       ||     7
Armor: Robe              |     7 |       |       ||     7
       Leather armour    |       |    73 |       ||    73
Dodge: Dodged            |    36 |   124 |     2 ||   162
Block: Buckler           |     2 |    49 |       ||    51
